[Event "Team 45 45 League T66"]
[Site "Internet Chess Club"]
[Date "2015.09.07"]
[Round "1"]
[White "frank001"]
[Black "tuantuan"]
[Result "1-0"]
[WhiteElo "1812"]
[BlackElo "1560"]
[Opening "Blackmar-Diemer gambit"]
[ECO "D00"]
[Time "13:05:35"]
[TimeControl "2700+45"]

1. d4 Nf6 2. Nc3 d5 3. e4 g6 4. e5 Ne4 5. Be3 Nxc3 6. bxc3 Bg7 7. h4 O-O 8. h5
Nc6 9. Qd2 Bg4 10. hxg6 fxg6 11. Bh6 Rf7 12. Bd3 Qd7 13. Rb1 Rb8 14. Nh3 Rbf8
15. f3 Bf5 16. Bxg7 Rxg7 17. Rxb7 Bxd3 18. Qxd3 a5 19. O-O e6 20. Rfb1 a4 21.
Nf2 Ne7 22. Ng4 Kh8 23. Qa6 Nf5 24. Ra7 Qe7 25. Nf6 Rgf7 26. Rbb7 Qa3 27. Qd3
Qxa2 28. Rxc7 Rxc7 29. Rxc7 Qb1+ 30. Kf2 a3 31. Rxh7# {Black checkmated} 1-0

[Event "Team 45 45 League T66"]
[Site "Internet Chess Club"]
[Date "2015.09.07"]
[Round "1"]
[White "anishio"]
[Black "pcvan"]
[Result "1-0"]
[WhiteElo "1650"]
[BlackElo "1533"]
[Opening "Sicilian: Najdorf, Opocensky variation"]
[ECO "B92"]
[Time "18:30:12"]
[TimeControl "2700+45"]

1. e4 c5 2. Nf3 d6 3. d4 cxd4 4. Nxd4 Nf6 5. Nc3 a6 6. Be2 e5 7. Nb3 Be7 8. Be3
Be6 9. Qd2 O-O 10. f3 Nbd7 11. O-O-O b5 12. g4 Nb6 13. h4 Rc8 14. h5 Nc4 15.
Bxc4 Bxc4 16. Kb1 a5 17. Ne2 a4 18. Nbc1 d5 19. g5 Ne8 20. exd5 Nd6 21. Ng3 Qc7
22. b3 Rfd8 23. bxc4 Nxc4 24. Qd3 Na3+ 25. Kb2 Nxc2 26. Rh2 Nxe3 27. Qxe3 Qc4
28. Qe4 Qc3+ 29. Kb1 Rc4 30. Qd3 Rb4+ 31. Nb3 Qxd3+ 32. Rxd3 axb3 33. axb3 Bxg5
34. Ne4 Bf4 35. Rc2 f6 36. d6 Kf7 37. Rc7+ Kf8 38. Nc5 Rd4 39. Ne6+ Ke8 40.
Nxg7+ Kf8 41. Ne6+ Ke8 42. Nxd4 Rxd6 43. Rxh7 exd4 44. Rh8+ Kf7 45. Rb8 Rd5 46.
Rb7+ Kg8 47. Kb2 Be3 48. Rb8+ Kh7 49. Rb6 Rf5 50. Ka3 Rxf3 51. Kb4 Rf5 52. Rxb5
Rxb5+ 53. Kxb5 f5 54. Kc4 f4 55. Rxd4 Bxd4 56. Kxd4 Kh6 57. Ke4 Kxh5 58. Kxf4
Kg6 59. Ke5 Kf7 60. Kd6 Ke8 61. Kc7 Ke7 62. b4 {Black resigns} 1-0

[Event "Team 45 45 League T66"]
[Site "Internet Chess Club"]
[Date "2015.09.07"]
[Round "1"]
[White "Leon13"]
[Black "ahxm"]
[Result "1-0"]
[WhiteElo "1426"]
[BlackElo "1283"]
[Opening "Giuoco Piano"]
[ECO "C50"]
[Time "13:01:08"]
[TimeControl "2700+45"]

1. e4 e5 2. Nf3 Nc6 3. Bc4 Bc5 4. a3 Nf6 5. d3 O-O 6. Nc3 d6 7. Bg5 h6 8. Bh4
Bg4 9. Nd5 Nd4 10. Nxf6+ gxf6 11. h3 Bh5 12. c3 Nxf3+ 13. Qxf3 Bxf3 14. gxf3 Qd7
15. Bxf6 a6 16. Rg1+ Kh7 17. Rg7+ Kh8 18. Rxf7+ Kg8 19. Rxd7+ Rf7 20. Rxf7 b5
21. Bd5 c6 22. Be6 Re8 23. Rg7+ Kh8 24. Re7# {Black checkmated} 1-0

[Event "Team 45 45 League T66"]
[Site "Internet Chess Club"]
[Date "2015.09.07"]
[Round "1"]
[White "bhxm"]
[Black "Andaluz"]
[Result "1-0"]
[WhiteElo "1416"]
[BlackElo "1350"]
[Opening "Sicilian"]
[ECO "B54"]
[Time "13:00:47"]
[TimeControl "2700+45"]

1. e4 c5 2. Nf3 d6 3. d4 cxd4 4. Nxd4 e5 5. Nb3 Nf6 6. Nc3 Be7 7. Be2 Be6 8. O-O
O-O 9. Be3 Nc6 10. Qd2 a6 11. Rad1 Qc7 12. f3 b5 13. a3 Rfd8 14. Nd5 Nxd5 15.
exd5 Bf5 16. dxc6 Qxc6 17. Bd3 Be6 18. Be4 d5 19. Bd3 h6 20. Rfe1 e4 21. fxe4
dxe4 22. Bxe4 Rxd2 23. Bxc6 Rxd1 24. Rxd1 Rc8 25. Be4 Kf8 26. Na5 Bg4 27. Rd2
Bc5 28. Bxc5+ Rxc5 29. c3 Ke7 30. Nc6+ Ke6 31. Nd4+ Ke5 32. Bf3 {Black forfeits
on time} 1-0

[Event "Team 45 45 League T66"]
[Site "Internet Chess Club"]
[Date "2015.09.05"]
[Round "1"]
[White "zap2"]
[Black "Skeptic1972"]
[Result "1/2-1/2"]
[WhiteElo "1779"]
[BlackElo "1633"]
[Opening "Réti: King's Indian attack, Yugoslav variation"]
[ECO "A07"]
[Time "09:38:24"]
[TimeControl "2700+45"]

1. g3 d5 2. Nf3 Nf6 3. Bg2 c6 4. O-O Bg4 5. h3 Bh5 6. d3 Nbd7 7. Nbd2 e5 8. e4
Bd6 9. Re1 O-O 10. g4 Bg6 11. Nh4 Nb6 12. a4 {Game drawn by mutual agreement}
1/2-1/2

[Event "Team 45 45 League T66"]
[Site "Internet Chess Club"]
[Date "2015.09.04"]
[Round "1"]
[White "nidusin2"]
[Black "RUPIS"]
[Result "0-1"]
[WhiteElo "1579"]
[BlackElo "1665"]
[Opening "Queen's pawn game"]
[ECO "D02"]
[Time "08:00:10"]
[TimeControl "2700+45"]

1. d4 d5 2. Nf3 e6 3. c4 c5 4. e3 Nc6 5. Nc3 Nf6 6. a3 Bd6 7. dxc5 Bxc5 8. b4
Be7 9. Be2 O-O 10. O-O a6 11. Qc2 e5 12. cxd5 Nxd5 13. Rd1 Ndxb4 14. axb4 Qb6
15. Nd5 Qa7 16. b5 Bc5 17. bxc6 bxc6 18. Nc3 Be6 19. Ba3 Rfb8 20. Bxc5 Qxc5 21.
Qd2 Bb3 22. Rdc1 Rd8 23. Qb2 Bc4 24. Bxc4 Qxc4 25. Nxe5 Qe6 26. Nf3 Rab8 27. Nd4
Qg6 28. Nce2 Rxb2 29. Rxc6 Qd3 30. Nf4 Rb1+ 31. Rc1 Rxc1+ 32. Rxc1 Qd2 33. Rf1
Rxd4 {White resigns} 0-1

[Event "Team 45 45 League T66"]
[Site "Internet Chess Club"]
[Date "2015.09.03"]
[Round "1"]
[White "Schachteufel"]
[Black "Insan996"]
[Result "1-0"]
[WhiteElo "1688"]
[BlackElo "1585"]
[Opening "Caro-Kann: Tartakower (fantasy) variation"]
[ECO "B12"]
[Time "18:00:38"]
[TimeControl "2700+45"]

1. e4 c6 2. d4 d5 3. f3 Nf6 4. e5 Nfd7 5. f4 e6 6. Nf3 c5 7. c3 Nc6 8. Be2 Ne7
9. O-O h5 10. Ng5 h4 11. Be3 Nf5 12. Bf2 Be7 13. Nh3 a6 14. Na3 b5 15. Nc2 cxd4
16. Nxd4 g6 17. Rc1 Bb7 18. b3 Nb6 19. Bf3 Rc8 20. Qd3 O-O 21. Nxf5 gxf5 22. Qd2
Rc6 23. Ng5 Qc7 24. Bxh4 Ba3 25. Rc2 Rc8 26. Bh5 Rxc3 27. Rxc3 Qxc3 28. Qxc3
Rxc3 29. Bxf7+ Kf8 30. Bxe6 Rc2 31. Bxf5 Rxa2 32. Ne6+ Kg8 33. Nd8 Ba8 34. e6 d4
35. Bf2 Kf8 36. Bd3 Ke7 37. Bh4+ Kd6 38. Bf2 Ke7 39. Bb1 Rb2 40. Bh4+ Kd6 41.
Bf2 Ke7 42. Nf7 Rd2 43. f5 Bc5 44. Bh4+ Ke8 45. Bf2 d3 46. Bxd3 Bxf2+ 47. Rxf2
Rxd3 48. g4 Nd5 49. Nd6+ Ke7 50. Nc8+ Kf6 51. Re2 Ne7 52. g5+ Kxg5 53. Nxe7 Kf6
54. Ng8+ Kxf5 55. e7 Bc6 56. e8=Q Bxe8 57. Rxe8 Rxb3 58. Ra8 Ra3 59. Ne7+ Ke6
60. Nc6 Kd6 61. Nd4 Kd5 62. Nxb5 Ra1+ 63. Kg2 Ra2+ 64. Kg3 a5 65. Nc3+ {Black
resigns} 1-0

[Event "Team 45 45 League T66"]
[Site "Internet Chess Club"]
[Date "2015.09.03"]
[Round "1"]
[White "fireball"]
[Black "mongmong"]
[Result "1/2-1/2"]
[WhiteElo "1612"]
[BlackElo "1585"]
[Opening "French: advance, Euwe variation"]
[ECO "C02"]
[Time "20:13:16"]
[TimeControl "2700+45"]

1. e4 e6 2. d4 d5 3. e5 c5 4. c3 Nc6 5. Nf3 Bd7 6. Bd3 Rc8 7. O-O cxd4 8. cxd4
Nb4 9. Nc3 Nxd3 10. Qxd3 Qb6 11. a3 Ne7 12. b4 a6 13. Be3 Nf5 14. Rfc1 Be7 15.
Ne2 O-O 16. g4 Nxe3 17. Qxe3 Rxc1+ 18. Rxc1 Rc8 19. Rxc8+ Bxc8 20. Qc3 Bd7 21.
Nd2 Qc6 22. Qxc6 Bxc6 23. Nb3 b6 24. f4 Ba4 25. Nd2 a5 26. Nc3 Bc2 27. bxa5 bxa5
28. Nb5 Ba4 29. Nd6 Bxd6 30. exd6 Kf8 31. f5 Ke8 32. fxe6 fxe6 33. Nf3 Kd7 34.
Ng5 Bc2 35. h4 Kxd6 36. Kf2 Bg6 37. h5 h6 38. Nf3 Be8 39. Ne5 Ke7 40. Ke3 Kf6
41. Kf4 g6 42. hxg6 Bxg6 43. Nc6 a4 44. Nb4 Be8 45. Na6 Bb5 46. Nc5 Bc6 47. Nd3
Be8 48. Ne5 Bg6 49. Nd7+ Ke7 50. Ne5 Bc2 51. Ke3 Kf6 52. Kf4 Bd1 53. Nd7+ Kg7
54. g5 h5 55. Nc5 Kf7 56. Nd3 Bc2 57. Ne5+ Ke7 58. Kg3 Bd1 59. Kh4 Kf8 60. g6
Kg7 61. Kg5 Be2 62. Nd7 h4 63. Kxh4 Kxg6 64. Nc5 Bd1 65. Nxe6 Kf5 66. Nc5 Kf4
67. Kh3 Ke3 68. Ne6 Bb3 69. Kg3 Bc4 70. Kg4 Bb5 71. Kg5 Kd3 72. Kf6 Kc3 73. Ke5
Bc4 74. Nc7 Kb3 75. Nxd5 Bxd5 76. Kxd5 Kxa3 77. Kc4 Kb2 78. d5 a3 79. d6 a2 80.
d7 a1=Q 81. d8=Q Qa4+ 82. Kc5 Qa3+ 83. Kc6 Qa4+ 84. Kc7 Qa5+ 85. Kd7 Qxd8+ 86.
Kxd8 {Game drawn because neither player has mating material} 1/2-1/2

[Event "Team 45 45 League T66"]
[Site "Internet Chess Club"]
[Date "2015.09.05"]
[Round "1"]
[White "RD1974"]
[Black "justice02"]
[Result "1-0"]
[WhiteElo "1649"]
[BlackElo "1609"]
[Opening "French: King's Indian attack"]
[ECO "C00"]
[Time "20:02:20"]
[TimeControl "2700+45"]

1. e4 e6 2. d3 d5 3. Nd2 c5 4. Ngf3 Nc6 5. g3 Nf6 6. Bg2 Be7 7. O-O O-O 8. e5
Ng4 9. Re1 Qc7 10. Qe2 f6 11. exf6 Bxf6 12. h3 Nxf2 13. Nf1 Nxd3 14. Qxd3 Bd7
15. Bf4 Qb6 16. Kh2 Rad8 17. Ne5 Qxb2 18. Rab1 Qxa2 19. Rxb7 Nb4 20. Qe2 Bc8 21.
Rc7 Qa5 22. Rxc8 Rxc8 23. Nd7 Rfe8 24. Nxf6+ gxf6 25. Qg4+ Kh8 26. Rxe6 Qd8 27.
Qf5 Rxe6 28. Qxe6 d4 29. Be4 c4 30. Qf7 Qg8 31. Qxf6+ Qg7 32. Qe6 Rf8 33. Be5
{Black resigns} 1-0

[Event "Team 45 45 League T66"]
[Site "Internet Chess Club"]
[Date "2015.09.06"]
[Round "1"]
[White "zepled37"]
[Black "bayoumicardio10"]
[Result "1-0"]
[WhiteElo "1709"]
[BlackElo "1451"]
[Opening "Pirc: classical system, 5.Be2"]
[ECO "B08"]
[Time "18:03:07"]
[TimeControl "2700+45"]

1. e4 d6 2. d4 Nf6 3. Nc3 g6 4. Nf3 Bg7 5. Be2 O-O 6. O-O Bg4 7. Be3 Nc6 8. Qd2
e5 9. dxe5 Nxe5 10. Nxe5 Bxe2 11. Nxf7 Rxf7 12. Qxe2 a6 13. Qd2 Ng4 14. Bg5 Bxc3
15. bxc3 Qd7 16. f3 Ne5 17. a4 Qc6 18. Qd4 Qd7 19. f4 Nc6 20. Qd5 Kg7 21. f5
gxf5 22. exf5 h6 23. f6+ Kg6 24. Qe4+ Kxg5 25. h4+ Kh5 26. Rf5+ Kg6 27. Rg5+
Kxf6 28. Rf1+ {Black resigns} 1-0

[Event "Team 45 45 League T66"]
[Site "Internet Chess Club"]
[Date "2015.09.06"]
[Round "1"]
[White "OGO"]
[Black "Grenadier"]
[Result "1-0"]
[WhiteElo "1567"]
[BlackElo "1558"]
[Opening "Old Indian defense"]
[ECO "A53"]
[Time "20:00:43"]
[TimeControl "2700+45"]

1. d4 Nf6 2. c4 d6 3. Nf3 Nbd7 4. Nc3 b6 5. e4 Bb7 6. Bd3 e5 7. d5 Be7 8. O-O
O-O 9. h3 Nc5 10. Bc2 a5 11. Be3 Bc8 12. a3 Ba6 13. b3 Bc8 14. Qd2 Bd7 15. b4
Nb7 16. Ba4 Nh5 17. Bd1 Nf6 18. Bc2 Qc8 19. Kh2 Ne8 20. Bg5 Bxg5 21. Qxg5 f5 22.
Nh4 f4 23. Qh5 Nf6 24. Qf3 Qd8 25. g3 Qc8 26. gxf4 exf4 27. Rg1 Rf7 28. Ne2 Qf8
29. Rg2 axb4 30. Nxf4 Rxa3 31. Rxa3 bxa3 32. Qxa3 Nc5 33. Qe3 Qe8 34. f3 Qe5 35.
Kh1 Kf8 36. Nhg6+ hxg6 37. Nxg6+ Ke8 38. Nxe5 dxe5 39. Qg5 Bxh3 40. Rh2 Bd7 41.
Rh8+ Ke7 42. Qxe5+ Ne6 43. dxe6 Bxe6 44. Qxc7+ Bd7 45. e5 Ne8 46. Qd6+ Kd8 47.
e6 Re7 48. exd7 Rxd7 49. Qb8+ Ke7 50. Rxe8+ {Black resigns} 1-0

[Event "Team 45 45 League T66"]
[Site "Internet Chess Club"]
[Date "2015.09.04"]
[Round "1"]
[White "GoIrish"]
[Black "bardu"]
[Result "1-0"]
[WhiteElo "1557"]
[BlackElo "1256"]
[Opening "Réti: King's Indian attack"]
[ECO "A05"]
[Time "14:03:32"]
[TimeControl "2700+45"]

1. Nf3 Nf6 2. g3 g6 3. Bg2 Bg7 4. O-O O-O 5. d3 d6 6. e4 c5 7. Nc3 Nc6 8. Re1
Bg4 9. h3 Bxf3 10. Bxf3 Rb8 11. h4 Nd4 12. Bg2 b5 13. Ne2 Nc6 14. c3 e6 15. d4
cxd4 16. cxd4 Nd7 17. d5 exd5 18. Qxd5 Nde5 19. Bg5 Bf6 20. Bxf6 Qxf6 21. f4 Ne7
22. fxe5 Nxd5 23. exf6 Nxf6 24. Rad1 Rfd8 25. Nc3 b4 26. Nd5 Ng4 27. Ne7+ {Black
resigns} 1-0

[Event "Team 45 45 League T66"]
[Site "Internet Chess Club"]
[Date "2015.09.03"]
[Round "1"]
[White "f5"]
[Black "flacoligth"]
[Result "0-1"]
[WhiteElo "2046"]
[BlackElo "2041"]
[Opening "French: classical, Steinitz variation"]
[ECO "C14"]
[Time "19:01:39"]
[TimeControl "2700+45"]

1. e4 e6 2. d4 d5 3. Nc3 Nf6 4. Bg5 Be7 5. e5 Nfd7 6. Bxe7 Qxe7 7. f4 O-O 8. Nf3
c5 9. dxc5 Nc6 10. Bd3 f6 11. exf6 Rxf6 12. g3 Nxc5 13. O-O Bd7 14. Re1 Nxd3 15.
cxd3 Qb4 16. Qd2 Be8 17. a3 Nd4 18. Nxd4 Qxd4+ 19. Re3 Bg6 20. Re1 Rc8 21. Kh1
Bf5 22. Qe2 Rg6 23. Qd2 h5 24. Re5 Rd8 25. Nd1 Be4+ 26. R5xe4 dxe4 27. Re3 e5
28. Nf2 exf4 29. Rxe4 Qd5 30. Qxf4 Rf6 31. Qe3 Rdf8 32. Nh3 Rf3 33. Qe2 Rxd3 34.
Nf4 Rxf4 {White resigns} 0-1

[Event "Team 45 45 League T66"]
[Site "Internet Chess Club"]
[Date "2015.09.06"]
[Round "1"]
[White "Agarnez"]
[Black "Colombiano07"]
[Result "1-0"]
[WhiteElo "1973"]
[BlackElo "1832"]
[Opening "Benkö gambit"]
[ECO "A57"]
[Time "23:00:39"]
[TimeControl "2700+45"]

1. d4 Nf6 2. c4 c5 3. d5 b5 4. Qc2 bxc4 5. e4 e6 6. Bxc4 exd5 7. exd5 d6 8. Nc3
Be7 9. Nf3 O-O 10. O-O Bg4 11. Nd2 Nbd7 12. Bd3 Nb6 13. Nc4 Nxc4 14. Bxc4 Bh5
15. h3 Bg6 16. Bd3 Bxd3 17. Qxd3 Rb8 18. b3 Nd7 19. Bf4 Nb6 20. Rad1 Re8 21. Ne4
Bf8 22. Ng5 g6 23. Ne4 Nc8 24. Bg5 Be7 25. Bxe7 Qxe7 26. Rfe1 Nb6 27. Qc3 Qxe4
28. Rxe4 Rxe4 29. Qf6 Nc8 30. Kf1 Re5 31. Re1 Rxe1+ 32. Kxe1 h5 33. Qd8+ Kg7 34.
Kd2 Ra8 35. a4 c4 36. a5 cxb3 37. Qc7 b2 38. Kc2 {Black resigns} 1-0

[Event "Team 45 45 League T66"]
[Site "Internet Chess Club"]
[Date "2015.09.06"]
[Round "1"]
[White "WCourson"]
[Black "Otelo"]
[Result "1-0"]
[WhiteElo "1883"]
[BlackElo "1873"]
[Opening "Sicilian: Grand Prix attack"]
[ECO "B23"]
[Time "11:00:24"]
[TimeControl "2700+45"]

1. e4 c5 2. Nc3 Nc6 3. f4 e6 4. Nf3 d5 5. Bb5 Ne7 6. Ne5 Bd7 7. exd5 exd5 8. O-O
Nxe5 9. fxe5 c4 10. Kh1 a6 11. Bxd7+ Qxd7 12. b3 b5 13. Ba3 Nc6 14. Bxf8 Kxf8
15. Qh5 g6 16. Qg5 Qe6 17. Rf6 Qxe5 18. Qh6+ Kg8 19. Rxc6 b4 20. Rf1 bxc3 21.
dxc3 f5 22. Qd2 cxb3 23. Re1 bxa2 24. Qd1 Qg7 25. Qxd5+ Qf7 26. Rce6 Rb8 27.
Qxa2 Kf8 28. Qxa6 Qd7 29. Rd6 Qc7 30. Qd3 Re8 31. Rd1 Qe7 32. h3 Rg8 33. c4 Rg7
34. c5 Qc7 35. c6 Rge7 36. c4 Re3 37. Qd4 Kg8 38. Qxe3 Rxe3 39. Rd8+ Kf7 40.
R1d7+ Re7 41. Rxc7 Rxc7 42. Rd6 Ke7 43. c5 g5 44. g3 h5 45. Kg2 Ra7 46. h4 Ra2+
47. Kf1 gxh4 48. c7 Ra8 49. gxh4 Rc8 50. Rd5 Ke6 51. Rd6+ Ke5 52. Rd7 f4 53. Kf2
Kf5 54. Kf3 Ke5 55. Rh7 Kf5 56. Rxh5+ Kg6 57. Rg5+ Kf6 58. Kxf4 Rxc7 59. Ke4 Rh7
60. Rg4 Rh5 61. Kd4 Ke6 62. Kc4 Kd7 63. Kb5 Kc7 64. Rg7+ Kc8 65. Kb6 Rxh4 66.
Rg8+ Kd7 67. c6+ Kd6 68. Rd8+ Ke7 69. c7 Rb4+ 70. Kc5 Rb1 71. c8=Q Rc1+ 72. Kb4
{Black resigns} 1-0

[Event "Team 45 45 League T66"]
[Site "Internet Chess Club"]
[Date "2015.09.05"]
[Round "1"]
[White "roji"]
[Black "Freitac"]
[Result "1/2-1/2"]
[WhiteElo "1882"]
[BlackElo "1834"]
[Opening "Caro-Kann: Panov-Botvinnik attack"]
[ECO "B13"]
[Time "15:16:45"]
[TimeControl "2700+45"]

1. e4 c6 2. d4 d5 3. exd5 cxd5 4. c4 Nf6 5. Nc3 Nc6 6. Nf3 Bg4 7. cxd5 Nxd5 8.
Qb3 Bxf3 9. gxf3 e6 10. Qxb7 Nxd4 11. Bb5+ Nxb5 12. Qc6+ Ke7 13. Qxb5 Qd7 14.
Nxd5+ Qxd5 15. Qxd5 exd5 16. Be3 Ke6 17. Rc1 Bb4+ 18. Ke2 Rhc8 19. Kd3 Bd6 20.
Rxc8 Rxc8 21. Bxa7 Ra8 22. Bd4 Rxa2 23. Bxg7 f6 24. Rb1 Be5 25. Kc2 Bxh2 26. Bf8
Ra7 27. Kd3 Be5 28. Bc5 Rb7 29. b4 h5 30. Rh1 Rh7 31. Ke3 h4 32. f4 Bb8 33. Kf3
Kf5 34. Be3 Bd6 35. b5 h3 36. b6 d4 37. Bxd4 Bxf4 38. Bxf6 h2 39. Bd8 Rg7 40.
Bc7 Rg1 41. Rxh2 Bxh2 42. Bxh2 Rb1 43. Bc7 Rb3+ 44. Kg2 Rb2 45. Kg3 Rb3+ 46. f3
Rb4 47. Kf2 Rb3 48. Ke2 Ke6 49. f4 Kd7 50. Kd2 Kc6 51. Ke2 Kd7 52. Kd2 Kc6 53.
Kc2 Rf3 {Game drawn by mutual agreement} 1/2-1/2

[Event "Team 45 45 League T66"]
[Site "Internet Chess Club"]
[Date "2015.09.05"]
[Round "1"]
[White "chessfan"]
[Black "Jack-ONeill"]
[Result "1-0"]
[WhiteElo "2045"]
[BlackElo "2053"]
[Opening "French: Tarrasch, open variation"]
[ECO "C07"]
[Time "12:00:55"]
[TimeControl "2700+45"]

1. e4 e6 2. d4 d5 3. Nd2 c5 4. Ngf3 cxd4 5. exd5 Qxd5 6. Bc4 Qd6 7. O-O Nf6 8.
Nb3 Nc6 9. Nbxd4 Nxd4 10. Nxd4 a6 11. Re1 Qc7 12. Qe2 h6 13. g3 b5 14. Nxe6 Bxe6
15. Bxe6 fxe6 16. Qxe6+ Be7 17. a4 bxa4 18. Rxa4 Qd7 19. Qb3 Kf8 20. Ra5 g5 21.
Be3 Kg7 22. Bd4 Rab8 23. Qd3 Rbd8 24. Rxa6 Rhf8 25. Ra7 Qxa7 26. Bxa7 Bb4 27.
Qf1 Bxe1 28. Qxe1 Rfe8 29. Qc3 Kg6 30. Bd4 Re6 31. b4 g4 32. Qd3+ Kf7 33. b5 Ne4
34. b6 Ng5 35. Kg2 Re4 36. c3 Rde8 37. b7 Nf3 38. Qxe4 Rxe4 39. b8=Q {Black
resigns} 1-0

[Event "Team 45 45 League T66"]
[Site "Internet Chess Club"]
[Date "2015.09.05"]
[Round "1"]
[White "Ptzz"]
[Black "dp15"]
[Result "1/2-1/2"]
[WhiteElo "2028"]
[BlackElo "2039"]
[Opening "QGD Slav: Czech defense"]
[ECO "D17"]
[Time "12:00:28"]
[TimeControl "2700+45"]

1. Nf3 d5 2. d4 Nf6 3. c4 c6 4. Nc3 dxc4 5. a4 Bf5 6. Nh4 Bc8 7. Nf3 Bf5 8. Nh4
Bc8 9. e3 e6 10. Nf3 Bb4 11. Bxc4 Qa5 12. Bd2 Nbd7 13. O-O O-O 14. Qc2 e5 15. h3
h6 16. Rfe1 Re8 17. Qb3 Re7 18. dxe5 Nc5 19. Qc2 Nfd7 20. Red1 Nxe5 21. Nxe5
Rxe5 22. e4 Be6 23. Bxe6 Rxe6 24. f3 Rd8 25. Be3 Red6 26. Rxd6 Rxd6 27. Na2 Ne6
28. Nxb4 Qxb4 29. Bxa7 Rd2 30. Qc3 Qxb2 31. Qxb2 Rxb2 32. Be3 Kf8 33. a5 Ke7 34.
a6 bxa6 35. Rxa6 Kd6 36. Ra7 f6 37. Bf2 g5 38. g3 c5 39. Ra6+ Kd7 40. Ra7+ Kd6
41. Ra6+ Kd7 42. Ra7+ Kd6 {Game drawn by repetition} 1/2-1/2

[Event "Team 45 45 League T66"]
[Site "Internet Chess Club"]
[Date "2015.09.04"]
[Round "1"]
[White "Tobiasdelmonte"]
[Black "joebobpop"]
[Result "1-0"]
[WhiteElo "1849"]
[BlackElo "1954"]
[Opening "King's Indian: London system"]
[ECO "A48"]
[Time "22:06:05"]
[TimeControl "2700+45"]

1. d4 Nf6 2. Nf3 g6 3. Bf4 Bg7 4. e3 O-O 5. h3 d5 6. Be2 c5 7. O-O Bf5 8. Nbd2
Nc6 9. c3 Rc8 10. dxc5 Re8 11. Nh4 Bd7 12. Rc1 e5 13. Bg5 h6 14. Bxf6 Qxf6 15.
Nhf3 Ne7 16. b4 Red8 17. Qb3 Be6 18. Qa3 a6 19. c4 Bf5 20. b5 d4 21. e4 Bd7 22.
c6 bxc6 23. bxa6 c5 24. Rb1 Ra8 25. a7 Nc6 26. Rb7 Nb4 27. Qa5 Qc6 28. Rc7 Qd6
29. a3 Na6 30. Rb7 Bc8 31. Rb6 Qd7 32. Rxa6 Bxa6 33. Qxa6 Qxa7 34. Qxa7 Rxa7 35.
Ra1 Rb8 36. Bd1 Rba8 37. a4 f5 38. Rb1 Rd8 39. Rb5 Rc8 40. Bc2 f4 41. Ne1 Bf8
42. Nd3 Bd6 43. Nf3 Re7 44. Rb6 Rd8 45. Kf1 Kf7 46. Ke2 Re6 47. Kd1 Kf6 48. Kc1
Rde8 49. Kb2 Bf8 50. Rb5 Rc8 51. Ka3 Bd6 52. a5 Re7 53. Ka4 Ra7 54. Rb6 Rca8 55.
Rxd6+ Ke7 56. Rb6 Rxa5+ 57. Kb3 Ra2 58. Nxc5 R8a3+ 59. Kb4 Ra8 60. Bb3 Rxf2 61.
Nxe5 Rxg2 62. Nxg6+ Kf7 63. Nxf4 Rf2 64. Ncd3 Rf3 65. c5+ Ke7 66. e5 {Black
resigns} 1-0

[Event "Team 45 45 League T66"]
[Site "Internet Chess Club"]
[Date "2015.09.05"]
[Round "1"]
[White "VictorRed"]
[Black "sharky123"]
[Result "1/2-1/2"]
[WhiteElo "1825"]
[BlackElo "1834"]
[Opening "English: Sicilian reversed"]
[ECO "A25"]
[Time "22:01:06"]
[TimeControl "2700+45"]

1. c4 e5 2. Nc3 Nc6 3. g3 Nf6 4. Bg2 Bb4 5. Nf3 d6 6. O-O Be6 7. d3 Qd7 8. Bd2
Bh3 9. a3 Ba5 10. e4 Bxg2 11. Kxg2 a6 12. Nd5 Bxd2 13. Qxd2 Nxd5 14. exd5 Ne7
15. d4 exd4 16. Qxd4 O-O 17. Rfe1 Ng6 18. Re3 Rfe8 19. Rae1 Rxe3 20. Qxe3 h6 21.
b4 Rd8 22. h3 Qa4 23. Nd4 Ne5 24. Rc1 Qd7 25. f4 Ng6 26. Re1 Kf8 27. h4 Re8 28.
Qxe8+ Qxe8 29. Rxe8+ Kxe8 30. Nf5 Kf8 31. Kf3 Ne7 32. Ke4 Nxf5 33. Kxf5 Ke7 34.
g4 g6+ 35. Ke4 Kd7 36. f5 Ke7 37. a4 b6 38. b5 a5 39. g5 h5 40. f6+ Kd7 41. Kd4
Kd8 {Game drawn by mutual agreement} 1/2-1/2

[Event "Team 45 45 League T66"]
[Site "Internet Chess Club"]
[Date "2015.09.07"]
[Round "1"]
[White "Holzschlange"]
[Black "Heian"]
[Result "1/2-1/2"]
[WhiteElo "1827"]
[BlackElo "1749"]
[Opening "Giuoco Piano: LaBourdonnais variation"]
[ECO "C44"]
[Time "10:11:55"]
[TimeControl "2700+45"]

1. e4 e5 2. Nf3 Nc6 3. d4 exd4 4. c3 Bc5 5. Bc4 d6 6. cxd4 Bb6 7. h3 h6 8. Nc3
Nf6 9. Be3 Nxe4 10. Nxe4 d5 11. Bxd5 Qxd5 12. Nc3 Qd8 13. O-O O-O 14. Qd2 Qf6
15. Nd5 Qd6 16. Nxb6 axb6 17. a3 Qd5 18. Kh2 Bf5 19. Rac1 Be4 20. Ne5 {Game
drawn by mutual agreement} 1/2-1/2

[Event "Team 45 45 League T66"]
[Site "Internet Chess Club"]
[Date "2015.09.03"]
[Round "1"]
[White "FrankNautilus"]
[Black "tryanything"]
[Result "1-0"]
[WhiteElo "1756"]
[BlackElo "1598"]
[Opening "Trompowsky attack (Ruth, Opocenský opening)"]
[ECO "A45"]
[Time "19:00:34"]
[TimeControl "2700+45"]

1. d4 Nf6 2. Bg5 e6 3. e4 h6 4. Bxf6 Qxf6 5. c3 e5 6. Nf3 exd4 7. cxd4 Bb4+ 8.
Nc3 O-O 9. e5 Qe7 10. a3 Bxc3+ 11. bxc3 d6 12. Be2 dxe5 13. Nxe5 Nd7 14. Nxd7
Bxd7 15. O-O Rfe8 16. Bf3 Rab8 17. Re1 Qf8 18. Qd2 Rxe1+ 19. Rxe1 Qxa3 20. Bd5
c6 21. Bxf7+ Kh8 22. Bg6 Qd6 23. Bc2 b5 24. Qd3 g6 25. Qe3 Re8 26. Qxh6+ Kg8 27.
Bb3+ Be6 28. Qxg6+ Kf8 29. Qf6+ Kg8 30. Bxe6+ {Black resigns} 1-0

[Event "Team 45 45 League T66"]
[Site "Internet Chess Club"]
[Date "2015.09.04"]
[Round "1"]
[White "chessnow"]
[Black "room-matt"]
[Result "1/2-1/2"]
[WhiteElo "1841"]
[BlackElo "1879"]
[Opening "Ruy Lopez: classical defense, Benelux variation"]
[ECO "C65"]
[Time "23:20:56"]
[TimeControl "2700+45"]

1. e4 e5 2. Nf3 Nc6 3. Bb5 Nf6 4. O-O Bc5 5. c3 O-O 6. d4 Bb6 7. Bg5 d6 8. Bxc6
bxc6 9. dxe5 dxe5 10. Qxd8 Rxd8 11. Nxe5 Ba6 12. Nxc6 Re8 13. Bxf6 Bxf1 14. Kxf1
gxf6 15. Nd2 Kg7 16. f3 Kg6 17. Nb3 f5 18. exf5+ Kxf5 19. Nbd4+ Kf6 20. f4 Re4
21. g3 Rae8 22. b3 Re3 23. Rc1 Rd3 24. Ne5 Rd2 25. a4 c5 26. Ndf3 Rb2 27. a5
Bxa5 28. Nd7+ Kg7 29. Nxc5 Re3 30. Nd4 Rxc3 31. Rxc3 Bxc3 32. Nb5 Bb4 33. Nd3
Rxb3 34. Nxb4 Rxb4 35. Nxa7 Rb2 36. Kg1 Kf6 37. Nc6 Kf5 38. Ne5 f6 39. Nd3 Ra2
40. Nf2 h5 41. Kg2 h4 42. Kf3 hxg3 43. hxg3 Ra3+ 44. Kg2 Rc3 45. Kh3 Rc2 46. Kg2
Rc8 47. Kf3 Rc3+ 48. Kg2 Re3 49. Kh2 Ke6 50. Kg2 Kd5 51. Ng4 Re6 52. Kf3 Kd4 53.
f5 Rc6 54. Kf4 Ra6 55. Nh6 Ra1 56. Ng8 Rf1+ 57. Kg4 Ke5 58. Nh6 Ke4 59. Nf7
{Game drawn by mutual agreement} 1/2-1/2

[Event "Team 45 45 League T66"]
[Site "Internet Chess Club"]
[Date "2015.09.12"]
[Round "1"]
[White "xt"]
[Black "SAC2001"]
[Result "0-1"]
[WhiteElo "1758"]
[BlackElo "1790"]
[Opening "Two knights defense"]
[ECO "C59"]
[Time "12:09:52"]
[TimeControl "2700+45"]

1. e4 e5 2. Nf3 Nc6 3. Bc4 Nf6 4. Ng5 d5 5. exd5 Na5 6. Bb5+ c6 7. dxc6 bxc6 8.
Be2 h6 9. Nf3 e4 10. Ne5 Bd6 11. d4 exd3 12. Nxd3 Qc7 13. h3 O-O 14. O-O Bf5 15.
Nc3 Rad8 16. Bd2 Nc4 17. b3 Nxd2 18. Qxd2 Rfe8 19. Rfe1 Bb4 20. a3 Ne4 21. Nd5
Bxd2 22. Nxc7 Re7 23. Na6 Bxe1 24. Nxe1 Nxf2 25. Bf3 Nd1 26. Nd3 Ne3 27. Nab4
Nxc2 28. Nxc2 Rxd3 29. Nb4 Rxb3 30. Nxc6 Rc7 31. Nd4 Rb1+ 32. Rxb1 Bxb1 33. Nb5
Rc1+ 34. Kf2 a6 35. Na7 Rc3 36. a4 Bc2 37. a5 Rc5 38. Nc6 Ba4 {White resigns}
0-1